 Dungeon Crawl Stone Soup version 0.22-a0-866-geee5034 (webtiles) character file.

35 poirepourri the Magician (level 3, -1/19 HPs)
             Began as a Deep Elf Conjurer on July 28, 2018.
             Slain by a jackal (2 damage)
             ... on level 1 of the Dungeon.
             The game lasted 00:01:26 (451 turns).

poirepourri the Magician (Deep Elf Conjurer)         Turns: 451, Time: 00:01:28

Health: -1/19      AC:  3    Str:  5    XL:     3   Next: 16%
Magic:  1/11       EV: 13    Int: 25    God:
Gold:   59         SH:  0    Dex: 15    Spells: 6/12 levels left

rFire    . . .     SeeInvis .   (no weapon)
rCold    . . .     Gourm    .   (no shield)
rNeg     . . .     Faith    .   a - +1 robe
rPois    .         Spirit   .   (no helmet)
rElec    .         Reflect  .   (no cloak)
rCorr    .         Harm     .   (no gloves)
MR       .....                  (no boots)
Stlth    ++........             (no amulet)
HPRegen  0.06/turn              d - +5 ring of intelligence
MPRegen  0.12/turn              (no ring)

@: no status effects
A: no striking features
a: no special abilities


You were on level 1 of the Dungeon.
You were not hungry.

You visited 1 branch of the dungeon, and saw 1 of its levels.

You collected 59 gold pieces.

Inventory:

Armour
 a - a +1 robe (worn)
Jewellery
 d - a +5 ring of intelligence (left hand)
Comestibles
 c - a ration


   Skills:
 - Level 2.4 Dodging
 - Level 2.4 Stealth
 + Level 5.0 Spellcasting
 - Level 4.4 Conjurations


You had 6 spell levels left.
You knew the following spells:

 Your Spells              Type           Power        Failure   Level  Hunger
a - Magic Dart            Conj           ####         1%          1    None
b - Searing Ray           Conj           ####..       1%          2    None
c - Dazzling Spray        Conj/Hex       ###...       10%         3    ##.....

Your spell library contained the following spells:

 Spells                   Type           Power        Failure   Level  Hunger
 Iskenderun's Mystic Bla  Conj           ####....     13%         4    ####...
 Fulminant Prism          Conj/Hex       ###.......   32%         4    ####...
 Force Lance              Conj/Tloc      ###.....     32%         4    ####...


Dungeon Overview and Level Annotations

Branches:
Dungeon (1/15)

Altars:


Message History

Casting: Magic Dart (safe; 1% risk of failure)
Confirm with . or Enter, or press ? or * to list all spells.
Aiming: Magic Dart (safe; 1% risk of failure)
Press: ? - help, Shift-Dir - straight line, f - jackal
Aim: a jackal The magic dart hits the jackal.
You kill the jackal!
Your Spellcasting skill increases to level 5!
The jackal misses you.
You aren't carrying any potions.
Unknown command.
A frilled lizard and a kobold come into view.
A kobold comes into view.
The jackal misses you.
The jackal bites you but does no damage.
The kobold shouts! x2
The jackal barely misses you. The jackal misses you.
The kobold drinks a potion.
The kobold suddenly seems more agile.
The jackal bites you.
You die...

......#...............##..#.###
†.....#...............###.#...#
......################# #....[#
......# #...K....# #.h...#
....### #........# #s....#
....# #........# #.....# ....#
#.....).h#######...### ....#
#.......h.K†.g...#.# ....#
#....l.@hrs......#.# #####
#...............##..
#...K......[........#
#...............##...
#######..?........ ..#
#...####.#### . #...# ... #...#


You could see 3 jackals, a giant cockroach, a hobgoblin, 3 kobolds, a frilled
lizard (wandering) and a rat.

Vanquished Creatures
  A dart slug (D:1)
  A leopard gecko (D:1)
  A ball python (D:1)
  4 bats (D:1)
  2 giant cockroaches (D:1)
  5 goblins (D:1)
  4 hobgoblins (D:1)
  3 jackals (D:1)
  2 kobolds (D:1)
  5 rats (D:1)
28 creatures vanquished.

Notes
Turn   | Place    | Note
-------+----------+-------------------------------------------
     0 | D:1      | poirepourri the Deep Elf Conjurer began the quest for the Orb.
     0 | D:1      | Reached XP level 1. HP: 10/10 MP: 6/6
    59 | D:1      | Reached XP level 2. HP: 14/15 MP: 0/8
   147 | D:1      | Learned a level 2 spell: Searing Ray
   148 | D:1      | Reached skill level 4 in Spellcasting
   402 | D:1      | Reached XP level 3. HP: 19/19 MP: 2/11
   409 | D:1      | Learned a level 3 spell: Dazzling Spray
   446 | D:1      | Reached skill level 5 in Spellcasting
   451 | D:1      | Slain by a jackal

Vault maps used:
D:1:      dpeg_arrival_houses_and_road, minmay_nonomino_d4

Skill      XL: |  1  2  3 |
---------------+----------+-----
Spellcasting   | 4 5 |  5.0
Dodging        | |  2.4
Stealth        | |  2.4
Conjurations   | |  4.4

Action                   || total
-------------------------++-------
Melee: Unarmed           ||     6
 Cast: Magic Dart        ||    45
  Use: Scroll            ||     3
Armor: Robe              ||     6
Dodge: Dodged            ||    38

Table legend:
 A = Spawn XP
 B = Non-spawn XP
 C = Spawn XP percentage of total XP
 D = Spawn monster count
 E = Non-spawn monster count
 F = Spawn count percentage of total count
 G = Total turns spent on level
                    A         B        C        D         E        F      G
               +---------+---------+-------+---------+---------+-------+---------
         Total |       0 |      50 |   0.0 |       0 |      28 |   0.0 |   451
               +---------+---------+-------+---------+---------+-------+---------
           D:1 |       0 |      50 |   0.0 |       0 |      28 |   0.0 |   451
               +---------+---------+-------+---------+---------+-------+---------
